[Event "Team 45 45 League T47"]
[Site "Internet Chess Club"]
[Date "2010.11.29"]
[Round "4"]
[White "screamingeagle"]
[Black "noHz"]
[Result "1/2-1/2"]
[WhiteElo "2058"]
[BlackElo "2095"]
[Opening "French: classical"]
[ECO "C13"]
[Time "13:01:10"]
[TimeControl "2700+45"]

1. e4 e6 2. d4 d5 3. Nc3 Nf6 4. Bg5 Be7 5. exd5 exd5 6. Nf3 O-O 7. Bd3 Re8 8.
O-O Bg4 9. h3 Bh5 10. Re1 c6 11. g4 Bg6 12. Ne5 Bxd3 13. Qxd3 Nbd7 14. f4 Nf8
15. f5 Qb6 16. Be3 Rad8 17. g5 N6d7 18. Kh1 Nxe5 19. dxe5 d4 20. Bf2 dxc3 21.
Bxb6 Rxd3 22. cxd3 axb6 23. bxc3 Bxg5 24. Re2 g6 25. d4 Bd8 26. Rb1 Nd7 27. e6
fxe6 28. fxe6 Nf6 29. c4 Kf8 30. Rd1 Ke7 31. d5 Bc7 32. Rf2 Rf8 33. Rdf1 Bd6 34.
a4 g5 35. Rb2 Bc5 36. a5 cxd5 37. Rf5 Kxe6 38. Rxg5 Ne4 39. cxd5+ Kd6 40. Rg7
Bd4 41. Rxb7 Bxb2 42. Rxb6+ Kxd5 43. Rxb2 Ra8 44. Rb7 Nf6 45. Rb6 Ke5 46. a6 Ra7
47. Kg2 Nd5 48. Rb7 Rxa6 49. Rxh7 Ra2+ 50. Kg3 Ra3+ 51. Kh4 Nf4 52. Kg4 Nd5 53.
Rh5+ Ke4 54. Rh8 Ne3+ 55. Kg5 Ra5+ 56. Kg6 Kf4 57. h4 Ra6+ 58. Kf7 Kf5 59. h5
Ra7+ 60. Kf8 Ng4 61. Rg8 Nf6 62. Rg1 Nxh5 63. Ke8 Nf6+ 64. Kd8 Ke6 65. Re1+ Kd6
66. Rd1+ Nd5 67. Ke8 Ke6 68. Re1+ Kf5 69. Rf1+ Nf4 70. Kd8 Ke5 71. Re1+ Kd6 72.
Rd1+ Nd5 73. Ke8 Rb7 74. Kf8 Ke5 75. Re1+ Kf5 76. Rf1+ Ke4 77. Re1+ Ne3 78. Re2
Kd3 79. Ra2 Nc4 80. Ra1 Kd4 81. Rd1+ Ke5 82. Re1+ Kd6 83. Rd1+ Ke6 84. Re1+ Ne5
85. Kg8 Re7 86. Kf8 Rf7+ 87. Ke8 Rb7 88. Kd8 Kd6 89. Rd1+ Kc5 90. Rc1+ Nc4 91.
Ke8 Kd5 92. Rd1+ Ke6 93. Re1+ Ne5 94. Kd8 Ra7 95. Kc8 Rf7 96. Kd8 Kd5 97. Rd1+
Kc5 98. Rc1+ Nc4 99. Ke8 Rh7 100. Kd8 Kb5 101. Rd1 Nb6 102. Rb1+ Ka6 103. Ke8
Kb7 104. Rf1 Kc6 105. Rc1+ Kd6 106. Rd1+ Nd5 107. Kf8 Ke6 108. Re1+ Kd7 109. Rd1
Ke6 110. Re1+ Kf5 111. Rf1+ Nf4 112. Ke8 Ke6 {Game drawn by the 50 move rule}
1/2-1/2

[Event "Team 45 45 League T47"]
[Site "Internet Chess Club"]
[Date "2010.11.30"]
[Round "4"]
[White "PHILOCHESS"]
[Black "AugustoCaruso"]
[Result "0-1"]
[WhiteElo "2070"]
[BlackElo "2251"]
[Opening "Queen's pawn"]
[ECO "A40"]
[Time "10:59:58"]
[TimeControl "2700+45"]

1. d4 e6 2. c3 f5 3. e3 Nf6 4. Bd3 d5 5. Nf3 Bd6 6. Ne5 Bxe5 7. dxe5 Ng4 8. f4
c5 9. O-O Nc6 10. Na3 a6 11. b3 O-O 12. Nc2 b5 13. h3 Nh6 14. Ba3 Qb6 15. Qh5 a5
16. Rf3 a4 17. Rg3 Nf7 18. b4 c4 19. Be2 Bd7 20. Nd4 Ne7 21. Bc1 Be8 22. Qf3 Nh8
23. Bd2 Nhg6 24. Kh2 Rb8 25. Qf2 Bd7 26. Rg5 h6 27. Rg3 Be8 28. Rf3 Bd7 29. Rg1
Kf7 30. g4 fxg4 31. Rxg4 Nf5 32. Nxf5 exf5 33. Rg1 Rg8 34. h4 Qe6 35. h5 Ne7 36.
Rfg3 Kf8 37. Qg2 Qf7 38. Bf3 Be6 39. Rh3 Rb7 40. Be1 Ke8 41. Bh4 Rd7 42. Rg3 Kf8
43. a3 Nc6 44. Rg6 Ne7 45. Rd1 Ke8 46. Rd4 Rd8 47. Rg3 Kf8 48. Qd2 Rd7 49. Rg1
Nc6 50. Qd1 Ne7 51. Rg2 Nc6 52. Rgd2 Nxd4 53. Rxd4 g5 54. hxg6 Qxg6 55. Qe1 Rdg7
56. Rd1 Qe8 57. Qf2 Qc6 58. Qc2 Ke8 59. Rd4 Rg1 60. Bf2 R1g7 61. Rd1 Qb7 62. Qe2
Kd7 63. e4 fxe4 64. Qxe4 Ke8 65. Rxd5 Bxd5 66. Qxd5 Qxd5 67. Bxd5 Rf8 68. Be3
Rf5 69. Bf3 Kd7 70. Kh3 Ke6 71. Kh4 h5 72. Bc6 Rg4+ 73. Kh3 Rgxf4 74. Bxf4 Rxf4
75. Kg2 Kxe5 76. Bxb5 Rg4+ 77. Kh2 h4 78. Bxa4 Rg3 79. b5 Rxc3 80. b6 Kd6 81.
Bb5 Rc1 82. a4 c3 83. a5 c2 {White resigns} 0-1

[Event "Team 45 45 League T47"]
[Site "Internet Chess Club"]
[Date "2010.11.25"]
[Round "4"]
[White "PandorasBox"]
[Black "Camalleo"]
[Result "0-1"]
[WhiteElo "1940"]
[BlackElo "2030"]
[Opening "Levitsky attack (Queen's bishop attack)"]
[ECO "D00"]
[Time "17:01:17"]
[TimeControl "2700+45"]

1. d4 d5 2. Bg5 h6 3. Bh4 c6 4. c3 Nd7 5. Nf3 Ngf6 6. Nbd2 e6 7. e3 Bd6 8. Bd3
Qc7 9. Bg3 e5 10. dxe5 Nxe5 11. Nxe5 Bxe5 12. Nf3 Bd6 13. Nd4 O-O 14. Qb3 Bxg3
15. hxg3 c5 16. Nb5 Qc6 17. c4 dxc4 18. Bxc4 Qxg2 19. O-O-O Bg4 20. Rdf1 Rad8
21. Rhg1 Qc6 22. Nxa7 Qe4 23. Qc2 Qe5 24. Qc3 Qb8 25. Qa3 Bf3 26. g4 Ne4 27. g5
hxg5 28. Re1 Qh2 29. b3 g4 30. Qb2 Rd2 31. Qxd2 Nxd2 32. Kxd2 Rd8+ 33. Bd3 Qxf2+
34. Kc3 Qxa2 35. Ra1 Qf2 36. Rge1 Qg3 37. Nb5 Be4 38. Bxe4 Qe5+ 39. Kc4 Qxe4+
40. Kxc5 Rc8+ 41. Kb6 Qc6+ 42. Ka5 Qc5 {White resigns} 0-1

[Event "Team 45 45 League T47"]
[Site "Internet Chess Club"]
[Date "2010.11.29"]
[Round "4"]
[White "parpin"]
[Black "Deckfuel"]
[Result "0-1"]
[WhiteElo "1928"]
[BlackElo "2035"]
[Opening "KP: Nimzovich defense"]
[ECO "B00"]
[Time "09:30:53"]
[TimeControl "2700+45"]

1. e4 Nc6 2. Nf3 Nf6 3. Nc3 d5 4. exd5 Nxd5 5. Bb5 Nxc3 6. Bxc6+ bxc6 7. dxc3
Qd5 8. Bf4 Qe4+ 9. Be3 Ba6 10. Qd4 Qxc2 11. Qd2 Qxd2+ 12. Bxd2 Rb8 13. b3 e6 14.
Ne5 c5 15. O-O-O Bd6 16. Bf4 f6 17. Nd3 Bxd3 18. Bxd6 cxd6 19. Rxd3 d5 20. Re1
Kd7 21. Rg3 Rhg8 22. Rge3 Rge8 23. f4 Kd6 24. Rh3 h6 25. Rg3 Rb7 26. Rg6 d4 27.
c4 a5 28. Kc2 e5 29. fxe5+ Rxe5 30. Rxe5 Kxe5 31. Kd3 Re7 32. Rg3 g5 33. Rh3 Rh7
34. Rf3 f5 35. g3 Re7 36. a3 Rb7 37. Kd2 Ke4 38. Rd3 f4 39. gxf4 gxf4 40. Rh3
Rb6 41. Ke2 Re6 42. Rh5 Rc6 43. Rh3 Kf5 44. Kf3 Kg5 45. Ke4 Re6+ 46. Kd5 Re3 47.
Rxe3 dxe3 48. Ke4 e2 49. Kf3 e1=Q 50. Kg2 Qe2+ 51. Kg1 f3 52. Kh1 f2 53. h4+
Kxh4 54. Kh2 f1=Q# {White checkmated} 0-1

[Event "Team 45 45 League T47"]
[Site "Internet Chess Club"]
[Date "2010.11.28"]
[Round "4"]
[White "jonesey"]
[Black "rwest1022"]
[Result "1-0"]
[WhiteElo "1971"]
[BlackElo "1876"]
[Opening "King's Indian, 3.Nf3"]
[ECO "E60"]
[Time "12:02:34"]
[TimeControl "2700+45"]

1. d4 Nf6 2. Nf3 g6 3. c4 c5 4. d5 b5 5. cxb5 a6 6. b6 d6 7. Nc3 Bg7 8. e4 Nbd7
9. Be2 O-O 10. O-O Qxb6 11. Nd2 Ne5 12. h3 Ne8 13. f4 Nd7 14. Nc4 Qd8 15. Be3
Nb6 16. Nxb6 Qxb6 17. Qd2 Nc7 18. Rab1 Qb4 19. a3 Bxc3 20. bxc3 Qxe4 21. c4 Bf5
22. Rbc1 g5 23. g4 Nxd5 24. cxd5 Bd7 25. Bd3 Qa4 26. fxg5 Bb5 27. Bc2 Qxa3 28.
Rf3 Qb4 29. Qf2 Bc4 30. Rf4 e5 31. Rxc4 Qa3 32. Rc3 Qb2 {Black resigns} 1-0

[Event "Team 45 45 League T47"]
[Site "Internet Chess Club"]
[Date "2010.11.30"]
[Round "4"]
[White "ElCreyente"]
[Black "Vaigpertu"]
[Result "1/2-1/2"]
[WhiteElo "2239"]
[BlackElo "2292"]
[Opening "Sicilian defense"]
[ECO "B41"]
[Time "16:03:07"]
[TimeControl "2700+45"]

1. e4 c5 2. Nf3 e6 3. d4 cxd4 4. Nxd4 Qb6 5. Nb3 Nf6 6. Bd3 d6 7. O-O Qc7 8. Nc3
a6 9. f4 Nbd7 10. Qe2 Be7 11. Bd2 O-O 12. Rae1 e5 13. g4 exf4 14. g5 Ne8 15.
Bxf4 Ne5 16. Nd5 Qd8 17. Nxe7+ Qxe7 18. Nd4 g6 19. Qg2 Ng7 20. Bd2 Bd7 21. Rf6
Nh5 22. Ref1 Nxd3 23. cxd3 Nxf6 24. Rxf6 Qe5 25. Bc3 Rac8 26. Nf3 Qe7 27. Qg3
Be6 28. Qf4 b5 29. Bd4 Rc2 30. Qh4 Rc1+ 31. Kf2 Qc7 32. Rf4 Qc2+ 33. Kg3 f5 34.
gxf6 Rf7 35. Be3 Rb1 36. Ng5 Rxb2 37. Bf2 Qc8 38. Qh6 Qd7 39. Bd4 Rxa2 40. Nxf7
Qxf7 41. Qg7+ Qxg7 42. fxg7 Bf7 43. Rf6 h5 44. Rxd6 Kh7 45. Rd8 Bg8 46. e5 b4
47. e6 Re2 48. Rd6 Rxe6 49. Rxe6 Bxe6 50. Kf4 a5 51. Ke5 Bg8 52. Kf6 a4 53. Bc5
b3 54. Ba3 g5 {Game drawn by mutual agreement} 1/2-1/2

[Event "Team 45 45 League T47"]
[Site "Internet Chess Club"]
[Date "2010.11.28"]
[Round "4"]
[White "pestka"]
[Black "rdmuhcu"]
[Result "1-0"]
[WhiteElo "2294"]
[BlackElo "2246"]
[Opening "QGD Slav defense"]
[ECO "D10"]
[Time "15:33:37"]
[TimeControl "2700+45"]

1. d4 d5 2. c4 c6 3. Nc3 Nf6 4. cxd5 cxd5 5. Bf4 Nc6 6. e3 Bf5 7. Bb5 e6 8. Qa4
Qb6 9. Nf3 Be7 10. Ne5 O-O 11. Bxc6 Rfc8 12. O-O bxc6 13. Rfc1 c5 14. dxc5 Rxc5
15. b4 Rcc8 16. a3 Nh5 17. Qd7 Qd8 18. Qxd8+ Bxd8 19. g4 Nxf4 20. exf4 Bg6 21.
Nb5 Bb6 22. Kg2 Rc2 23. Rxc2 Bxc2 24. Rc1 Ba4 25. Nd6 f6 26. Nd3 Rd8 27. Nb7 Rb8
28. Nd6 Kf8 29. Nc8 Bb5 30. Ne1 Be2 31. Nxb6 axb6 32. Nf3 Ra8 33. Rc3 Ke8 34.
Nd4 Bxg4 35. Rg3 h5 36. h3 Bf5 37. Rxg7 Rxa3 38. Nxf5 exf5 39. Rb7 d4 40. Rxb6
Ke7 41. h4 Rc3 42. b5 Rb3 43. Rb8 Kd6 44. b6 Kc6 45. Rf8 Kd5 46. Rxf6 Ke4 47.
Rd6 Rb2 48. Kg3 Rb1 49. f3+ Ke3 50. Re6+ Kd2 51. Rf6 d3 52. Kf2 Rb2 53. Rc6 Kd1+
54. Ke3 Rb3 55. Rd6 d2+ 56. Kf2 Kc1 57. Rc6+ Kd1 58. Rd6 Kc2 59. Ke2 Rxb6 60.
Rxd2+ Kc3 61. Rd5 Rf6 62. Rd8 Kc4 63. Kf2 Rh6 64. Rf8 Kd5 65. Rxf5+ Ke6 66. Ra5
Rh8 67. Ke3 Kf6 68. Ke4 Re8+ 69. Re5 Ra8 70. Rxh5 Ra4+ 71. Ke3 Ra3+ 72. Kf2 Ra2+
73. Kg3 Ra1 74. Rb5 Rg1+ 75. Kh2 Rf1 76. Kg2 Rc1 77. h5 Rc2+ 78. Kg3 Rc1 79. h6
Kg6 80. Rb6+ Kf5 81. h7 Rh1 82. Rb7 Rh6 83. Rb5+ Kg6 84. Rb6+ Kf5 85. Rb7 Rh1
86. Kg2 Rh6 87. Rf7+ Ke6 88. Rg7 Kf6 89. Rc7 Kf5 90. Kg3 Rh1 91. Kf2 Rh6 92. Ke3
Re6+ 93. Kd4 Rh6 94. Kd5 Kxf4 95. Rf7+ Kg3 96. f4 Rh1 97. Ke5 Re1+ 98. Kf6 Rh1
99. Kg7 {Black resigns} 1-0

[Event "Team 45 45 League T47"]
[Site "Internet Chess Club"]
[Date "2010.11.28"]
[Round "4"]
[White "YoniKer"]
[Black "Jack-ONeill"]
[Result "0-1"]
[WhiteElo "2065"]
[BlackElo "2005"]
[Opening "Sicilian: Pelikan, Chelyabinsk variation"]
[ECO "B33"]
[Time "14:05:51"]
[TimeControl "2700+45"]

1. e4 c5 2. Nf3 Nc6 3. d4 cxd4 4. Nxd4 Nf6 5. Nc3 e5 6. Ndb5 d6 7. Bg5 a6 8. Na3
b5 9. Nd5 Be7 10. Bxf6 Bxf6 11. Be2 O-O 12. O-O Bg5 13. c4 b4 14. Nc2 a5 15. b3
Bb7 16. Bg4 Nb8 17. g3 Na6 18. f4 exf4 19. gxf4 Bh4 20. Qd4 Bxd5 21. Qxd5 Qb6+
22. Kh1 Qc5 23. Rad1 Qxd5 24. Rxd5 Nc5 25. e5 Ne4 26. exd6 Nf6 27. Bf3 Nxd5 28.
Bxd5 Rac8 29. Nd4 Rfd8 30. Nb5 Rc5 31. Rd1 Bf2 32. Kg2 Bh4 33. Kf3 g6 34. Ke4
Bf6 35. Kd3 Kg7 36. Re1 Rxb5 37. cxb5 Rxd6 38. Kc4 Bd8 39. Kc5 Rf6 40. Bc6 Rf5+
41. Kd6 Rxf4 42. Re8 Bb6 43. Rb8 Bg1 44. Ra8 Bxh2 45. Rxa5 Rf6+ 46. Kd7 h5 47.
Ra6 g5 48. Bd5 Rxa6 49. bxa6 Bg1 50. Kc6 g4 51. a3 bxa3 52. b4 g3 53. b5 g2 54.
Kb7 Bd4 55. Bxg2 a2 56. b6 a1=Q 57. a7 Qb2 58. a8=Q Qxg2+ 59. Kb8 Qxa8+ 60. Kxa8
{White resigns} 0-1

[Event "Team 45 45 League T47"]
[Site "Internet Chess Club"]
[Date "2010.11.27"]
[Round "4"]
[White "fledermaus"]
[Black "xakelari"]
[Result "1/2-1/2"]
[WhiteElo "1943"]
[BlackElo "2055"]
[Opening "QGD: Tarrasch, Prague variation, 9.Bg5"]
[ECO "D34"]
[Time "12:05:21"]
[TimeControl "2700+45"]

1. d4 d5 2. c4 e6 3. Nc3 c5 4. cxd5 exd5 5. Nf3 Nc6 6. g3 Nf6 7. Bg2 Be7 8. O-O
O-O 9. Bg5 cxd4 10. Nxd4 h6 11. Be3 Re8 12. Rc1 Bf8 13. Nxc6 bxc6 14. Na4 Bd7
15. Bc5 Bxc5 16. Nxc5 Bg4 17. Re1 Qa5 18. h3 Bf5 19. Qd4 Rab8 20. a3 Qb6 21. Qf4
Be4 22. b4 a5 23. bxa5 Qxa5 24. Nxe4 dxe4 25. Qd6 Rb3 26. Qc5 Qxc5 27. Rxc5 Rxa3
28. Rxc6 e3 29. Bf3 exf2+ 30. Kxf2 Ra2 31. Rec1 Ne4+ 32. Kg2 Ng5 33. Rc8 Kf8 34.
Rxe8+ Kxe8 35. h4 Nxf3 {Game drawn by mutual agreement} 1/2-1/2

[Event "Team 45 45 League T47"]
[Site "Internet Chess Club"]
[Date "2010.11.29"]
[Round "4"]
[White "ThuG"]
[Black "DieHappy"]
[Result "0-1"]
[WhiteElo "2219"]
[BlackElo "2337"]
[Opening "Sicilian"]
[ECO "B50"]
[Time "15:06:14"]
[TimeControl "2700+45"]

1. e4 c5 2. Nf3 d6 3. c3 Nf6 4. Bd3 Bg4 5. Bc2 Nc6 6. O-O g6 7. d3 Bg7 8. Nbd2
O-O 9. h3 Bd7 10. Re1 Nh5 11. a4 e5 12. Nc4 Be6 13. Bb3 Nf4 14. d4 cxd4 15. cxd4
Bxc4 16. Bxc4 Rc8 17. Bxf4 Nxd4 18. Bxf7+ Rxf7 19. Nxd4 exd4 20. Qb3 Be5 21. Bd2
Qh4 22. Re2 Kg7 23. Rf1 Rcf8 24. Be1 Rf3 25. Qxb7+ R8f7 26. Qb5 Qf4 27. g3 Rxg3+
28. fxg3 Qxf1+ 29. Kh2 h5 30. h4 Qf3 31. Qc4 Qg4 32. Kg2 g5 33. Qd3 gxh4 34. Bf2
h3+ 35. Kh1 h4 36. Bxd4 hxg3 37. Bxe5+ dxe5 38. Re1 Qf4 39. Qe2 g2+ 40. Kg1 Qg3
{White resigns} 0-1

[Event "Team 45 45 League T47"]
[Site "Internet Chess Club"]
[Date "2010.11.28"]
[Round "4"]
[White "eurander"]
[Black "zeigmata"]
[Result "1/2-1/2"]
[WhiteElo "2189"]
[BlackElo "2197"]
[Opening "French: Tarrasch, closed variation"]
[ECO "C05"]
[Time "16:02:15"]
[TimeControl "2700+45"]

1. e4 e6 2. d4 d5 3. Nd2 Nf6 4. e5 Nfd7 5. Bd3 c5 6. c3 Nc6 7. Ne2 Qb6 8. Nf3
Be7 9. O-O O-O 10. Re1 Re8 11. Nf4 Nf8 12. Bb1 Bd7 13. a3 a5 14. Nh5 a4 15. Nxg7
Kxg7 16. Ng5 Ng6 17. Qf3 Rf8 18. Nxh7 Rh8 19. Nf6 Qd8 20. Nh5+ Kg8 21. Qg4 Be8
22. Bxg6 fxg6 23. Nf4 Rh4 24. Qg3 Rxf4 25. Qxf4 cxd4 26. cxd4 Qb6 27. Rd1 Qb3
28. Qg4 Bf7 29. g3 Qc4 30. h4 Nxe5 31. Qf4 Qe2 32. Be3 Nc4 33. Rab1 Bd6 34. Qg5
Nxe3 35. Re1 Qd3 36. Qxe3 Qxe3 37. Rxe3 Rc8 38. b3 b5 39. bxa4 bxa4 40. Rb6 Bf8
41. Ra6 Rc4 42. Rf3 Rc7 43. Rxa4 Bg7 44. Rb4 e5 45. dxe5 Bxe5 46. Rb8+ Kg7 47.
Rb5 Bf6 48. Rb6 Bc3 49. Rd6 d4 50. a4 Ra7 51. a5 Rxa5 52. Rd7 Rf5 53. Rxf5 gxf5
54. h5 Kg8 55. Rd8+ Kg7 56. Rd7 Kg8 57. Rd8+ Kg7 58. Rd7 {Game drawn by
repetition} 1/2-1/2

[Event "Team 45 45 League T47"]
[Site "Internet Chess Club"]
[Date "2010.11.29"]
[Round "4"]
[White "pentti63"]
[Black "Ptzz"]
[Result "1-0"]
[WhiteElo "2276"]
[BlackElo "2074"]
[Opening "Caro-Kann: advance variation"]
[ECO "B12"]
[Time "10:02:25"]
[TimeControl "2700+45"]

1. e4 c6 2. d4 d5 3. e5 c5 4. dxc5 e6 5. Be3 Nh6 6. c3 Nd7 7. Bb5 Nf5 8. Bd4 a6
9. Bxd7+ Bxd7 10. Nf3 Nxd4 11. cxd4 b6 12. cxb6 Qxb6 13. Qb3 Qxb3 14. axb3 Bb4+
15. Nc3 Ke7 16. Kd2 f6 17. Rhc1 Rhc8 18. Ke3 a5 19. g4 Rab8 20. Ne2 Bb5 21. h4
h6 22. Rxc8 Rxc8 23. Rc1 Rxc1 24. Nxc1 Kf7 25. Nd3 Be7 26. Nf4 Bd8 27. Ne2 Kg6
28. Nc3 Bc6 29. Na4 Bd7 30. Nc5 Bc8 31. Nd3 Ba6 32. Nfe1 Kf7 33. f4 g5 34. hxg5
fxg5 35. f5 exf5 36. gxf5 Bc8 37. f6 h5 38. Nf3 Kg6 39. b4 Bf5 40. bxa5 Bxa5 41.
f7 Kxf7 42. Nxg5+ Kg6 43. Nf3 Bxd3 44. Kxd3 Kf5 45. Ke3 Kg4 46. Ke2 Kg3 47. e6
Bb4 48. Ne5 Kf4 49. Nc6 Bd6 50. e7 Bxe7 51. Nxe7 Ke4 52. Nc6 Kf5 53. b4 Ke6 54.
b5 Kd6 55. Kf3 Kc7 56. Nb4 Kb6 57. Nxd5+ Kxb5 58. Nc3+ Kc4 59. d5 {Black
resigns} 1-0

[Event "Team 45 45 League T47"]
[Site "Internet Chess Club"]
[Date "2010.11.26"]
[Round "4"]
[White "perikitosax"]
[Black "WilThorpe"]
[Result "1/2-1/2"]
[WhiteElo "1932"]
[BlackElo "2043"]
[Opening "King's Indian: orthodox, 7...Nbd7"]
[ECO "E94"]
[Time "10:43:42"]
[TimeControl "2700+45"]

1. d4 Nf6 2. Nf3 g6 3. c4 Bg7 4. Nc3 O-O 5. e4 d6 6. Be2 Nbd7 7. O-O e5 8. Be3
Ng4 9. Bg5 f6 10. Bd2 Nh6 11. Be3 Ng4 12. Bd2 c6 13. h3 Nh6 14. dxe5 dxe5 15.
Qc2 Qe7 16. Rad1 Nf7 17. a3 Re8 18. b4 Nf8 19. c5 Be6 20. Bc1 f5 21. Nd2 Rad8
22. Nc4 f4 23. Nb1 Bc8 24. Rxd8 Rxd8 25. Rd1 Ne6 26. Rxd8+ Qxd8 27. Nbd2 Nd4 28.
Qd1 h5 29. Nf3 Qf6 30. Bb2 Be6 31. Bxd4 exd4 32. e5 Qd8 33. Qxd4 Qd5 34. Qxd5
cxd5 35. Nd6 Nxe5 36. Nxb7 Nxf3+ 37. Bxf3 Kf7 38. b5 Ke7 39. c6 Bd4 40. a4 Bb6
41. Be2 d4 42. Kf1 Bc8 43. Bd3 g5 44. Bg6 h4 45. Ke2 Kf6 46. Be4 Ke5 47. Kd3 Be6
48. f3 Ba2 49. Kc2 Bc4 50. Bd3 Bd5 51. Kb2 a5 52. Kc2 Be6 53. Be4 Bc4 54. Bd3
Bd5 {Game drawn by mutual agreement} 1/2-1/2

[Event "Team 45 45 League T47"]
[Site "Internet Chess Club"]
[Date "2010.11.25"]
[Round "4"]
[White "chess9793"]
[Black "Indianqueen"]
[Result "1/2-1/2"]
[WhiteElo "2074"]
[BlackElo "2307"]
[Opening "French: Tarrasch, closed variation, main line"]
[ECO "C06"]
[Time "16:01:57"]
[TimeControl "2700+45"]

1. e4 e6 2. d4 d5 3. Nd2 Nf6 4. e5 Nfd7 5. Bd3 c5 6. c3 Nc6 7. Ne2 cxd4 8. cxd4
Qb6 9. Nf3 f6 10. exf6 Nxf6 11. O-O Bd6 12. b3 O-O 13. Bf4 Bxf4 14. Nxf4 Bd7 15.
Re1 Rae8 16. Qd2 Qc7 17. g3 e5 18. dxe5 Nxe5 19. Nxe5 Rxe5 20. Rxe5 Qxe5 21. Re1
Qg5 22. Bf1 Bc6 23. Qd4 Ne4 24. Ne6 Qf6 25. Qxf6 Rxf6 26. Nf4 Rd6 27. Bg2 Nc3
28. a3 Kf7 29. Nd3 Kf6 30. f4 Re6 31. Rxe6+ Kxe6 32. Kf2 Nb5 33. a4 Nc3 34. Bf3
Kd6 35. Ke3 d4+ 36. Kxd4 Nb5+ {Game drawn by mutual agreement} 1/2-1/2

[Event "Team 45 45 League T47"]
[Site "Internet Chess Club"]
[Date "2010.11.27"]
[Round "4"]
[White "akdog3"]
[Black "chiiwen"]
[Result "1-0"]
[WhiteElo "2229"]
[BlackElo "2197"]
[Opening "Sicilian defense"]
[ECO "B40"]
[Time "15:00:48"]
[TimeControl "2700+45"]

1. e4 c5 2. Nf3 e6 3. c3 Nf6 4. e5 Nd5 5. d4 cxd4 6. cxd4 b6 7. Nc3 Nxc3 8. bxc3
Qc7 9. Bd2 d6 10. Bb5+ Nd7 11. Ng5 Bb7 12. Qh5 g6 13. Qh3 dxe5 14. O-O Be7 15.
Rfe1 a6 16. Bd3 e4 17. Bxe4 Bxe4 18. Rxe4 Nf6 19. Rf4 h6 20. Re1 Rf8 21. Rxf6
hxg5 22. Rfxe6 fxe6 23. Qxe6 Rf7 24. Bxg5 Rd8 25. Qxg6 Rd6 26. Qg8+ Rf8 27. Bxe7
Qxe7 28. Rxe7+ Kxe7 29. Qg5+ Kf7 30. h4 {Black resigns} 1-0

[Event "Team 45 45 League T47"]
[Site "Internet Chess Club"]
[Date "2010.11.28"]
[Round "4"]
[White "Fulvio"]
[Black "vnchess"]
[Result "0-1"]
[WhiteElo "2034"]
[BlackElo "2211"]
[Opening "King's Indian: orthodox, Aronin-Taimanov, 9.Ne1"]
[ECO "E98"]
[Time "14:01:05"]
[TimeControl "2700+45"]

1. d4 Nf6 2. c4 g6 3. Nc3 Bg7 4. e4 d6 5. Nf3 O-O 6. Be2 e5 7. O-O Nc6 8. d5 Ne7
9. Ne1 Ne8 10. Be3 f5 11. f3 f4 12. Bf2 g5 13. c5 Rf7 14. Rc1 Ng6 15. a4 h5 16.
b4 Bh6 17. Rb1 Rg7 18. h3 Nf6 19. a5 Bd7 20. b5 Qc8 21. c6 bxc6 22. dxc6 Bxh3
23. gxh3 Qxh3 24. Nd5 Nxd5 25. Qxd5+ Kh7 26. Rb3 Nh4 27. Qd1 Rf8 28. Bxa7 g4 29.
fxg4 f3 30. Bxf3 Rxg4+ 31. Kf2 Qh2+ 32. Ng2 Rxg2+ 33. Ke1 Qg3+ 34. Bf2 Nxf3+ 35.
Rxf3 Rxf3 36. Bxg3 Re3+ 37. Qe2 Rexe2+ 38. Kd1 Rd2+ 39. Ke1 Rge2# {White
checkmated} 0-1

[Event "Team 45 45 League T47"]
[Site "Internet Chess Club"]
[Date "2010.11.27"]
[Round "4"]
[White "SlimeDog2"]
[Black "BlackHorse"]
[Result "1-0"]
[WhiteElo "2128"]
[BlackElo "1959"]
[Opening "King's Indian: fianchetto, classical main line"]
[ECO "E69"]
[Time "22:09:48"]
[TimeControl "2700+45"]

1. d4 Nf6 2. c4 g6 3. g3 Bg7 4. Bg2 O-O 5. Nf3 d6 6. Nc3 c6 7. O-O Nbd7 8. e4 e5
9. h3 h6 10. Be3 Re8 11. Re1 a6 12. Qd2 Kh7 13. b4 b5 14. dxe5 Nxe5 15. Nxe5
dxe5 16. cxb5 cxb5 17. a4 Bb7 18. axb5 axb5 19. Nxb5 Bxe4 20. Nd6 Bxg2 21. Nxe8
Rxa1 {Black resigns} 1-0

[Event "Team 45 45 League T47"]
[Site "Internet Chess Club"]
[Date "2010.11.28"]
[Round "4"]
[White "chesskilleruk"]
[Black "Paulkov"]
[Result "0-1"]
[WhiteElo "2160"]
[BlackElo "2277"]
[Opening "Sicilian: Grand Prix attack"]
[ECO "B23"]
[Time "15:01:57"]
[TimeControl "2700+45"]

1. e4 c5 2. Nc3 Nc6 3. f4 g6 4. Nf3 Bg7 5. Bc4 e6 6. O-O Nge7 7. Qe1 O-O 8. d3
d5 9. Bb3 Nd4 10. Nxd4 cxd4 11. Ne2 Qb6 12. e5 a5 13. a4 f6 14. exf6 Bxf6 15. g4
Bd7 16. Kh1 Nc6 17. Ng1 Nb4 18. Qe2 Rac8 19. Nf3 Bg7 20. Ne5 Qd6 21. Re1 Rfe8
22. Nf3 Rc7 23. Qf2 Rec8 24. Nxd4 Bxd4 25. Qxd4 Nxc2 26. Bxc2 Rxc2 27. Be3 Qb4
28. Reb1 Re2 29. Rc1 Rxc1+ 30. Rxc1 Qxb2 31. Qxb2 Rxb2 32. Rc7 Bxa4 33. Bd4 Rb4
34. Be5 Bc6 35. Rg7+ Kf8 36. Rxh7 Rb3 37. d4 a4 38. Rh8+ Ke7 39. Rh7+ Kd8 40.
Rh8+ Be8 41. Bf6+ Kd7 42. Rh7+ Kc6 43. Bd8 a3 44. Rc7+ Kd6 45. Rc2 Rb1+ 46. Kg2
Rb2 {White resigns} 0-1

[Event "Team 45 45 League T47"]
[Site "Internet Chess Club"]
[Date "2010.11.26"]
[Round "4"]
[White "MaartenKoning"]
[Black "TerryMalloy"]
[Result "1/2-1/2"]
[WhiteElo "2259"]
[BlackElo "2044"]
[Opening "Sicilian: closed"]
[ECO "B23"]
[Time "08:52:18"]
[TimeControl "2700+45"]

1. e4 c5 2. Nc3 d6 3. Nge2 Nf6 4. g3 e6 5. Bg2 Be7 6. O-O O-O 7. d4 cxd4 8. Nxd4
a6 9. h3 Nbd7 10. Be3 Qc7 11. f4 Rb8 12. g4 h6 13. g5 hxg5 14. fxg5 Nh7 15. h4
b5 16. g6 fxg6 17. Nxe6 Rxf1+ 18. Qxf1 Qc4 19. Ng5 Nxg5 20. hxg5 Qxf1+ 21. Rxf1
Bb7 22. Nd5 Re8 23. Nxe7+ Rxe7 24. Bf4 Bxe4 25. Bxd6 Bxg2 26. Kxg2 Re2+ 27. Rf2
Rxf2+ 28. Kxf2 Kf7 29. Ke3 Ke6 30. Bc7 Kd5 31. b3 Nc5 32. c3 Ne6 33. Bf4 Nc5 34.
Kf3 Ne6 35. Be3 Nd8 36. Bd4 Ne6 37. Be3 Nd8 38. Bc1 Ne6 39. Bd2 Nd8 40. Ke3 Nf7
41. Kd3 Ne5+ 42. Ke2 Ke4 43. Be3 Kd5 44. Bd4 Nf7 45. Bxg7 Nxg5 46. Kd3 Ne6 47.
c4+ bxc4+ 48. bxc4+ Kc6 49. Bf6 g5 50. Be7 g4 51. Ke4 Ng7 52. Bh4 Ne8 53. Be7
{Game drawn by mutual agreement} 1/2-1/2

[Event "Team 45 45 League T47"]
[Site "Internet Chess Club"]
[Date "2010.11.27"]
[Round "4"]
[White "Pason"]
[Black "Campagnolo"]
[Result "1/2-1/2"]
[WhiteElo "2051"]
[BlackElo "2041"]
[Opening "QGD Slav: Wiesbaden variation"]
[ECO "D17"]
[Time "09:01:58"]
[TimeControl "2700+45"]

1. d4 Nf6 2. Nf3 d5 3. c4 c6 4. Nc3 dxc4 5. a4 Bf5 6. Ne5 e6 7. f3 c5 8. e4 cxd4
9. exf5 Bb4 10. Bxc4 dxc3 11. Qxd8+ Kxd8 12. O-O cxb2 13. Bxb2 Ke7 14. fxe6 fxe6
15. Nd3 Rc8 16. Bb3 Nc6 17. Nxb4 Nxb4 18. Ba3 a5 19. Rfe1 Rc6 20. Re5 Kf7 21.
Bxb4 axb4 22. Rae1 Nd5 23. Bxd5 exd5 24. Re7+ Kf6 25. Rxb7 Rxa4 {Game drawn by
mutual agreement} 1/2-1/2

[Event "Team 45 45 League T47"]
[Site "Internet Chess Club"]
[Date "2010.11.29"]
[Round "4"]
[White "AreYouSerious"]
[Black "egyptiantiger"]
[Result "1/2-1/2"]
[WhiteElo "1956"]
[BlackElo "2093"]
[Opening "Réti opening"]
[ECO "A05"]
[Time "16:08:37"]
[TimeControl "2700+45"]

1. Nf3 Nf6 2. e3 g6 3. b3 Bg7 4. Bb2 O-O 5. d3 d6 6. Be2 c5 7. Nbd2 Nc6 8. O-O
Rb8 9. c4 a6 10. a3 b5 11. Qc2 e5 12. cxb5 axb5 13. Rac1 b4 14. a4 h6 15. Ra1 g5
16. h3 g4 17. hxg4 Nxg4 18. Rfe1 Qf6 19. Ne4 Qe7 20. Ng3 f5 21. Nh5 Bh8 22. Ng3
Be6 23. a5 h5 24. Nxh5 Qh7 25. Ng3 Bf6 26. Bd1 Kf7 27. a6 Rh8 28. Kf1 Rbg8 29.
a7 Ra8 30. Ra6 Rhc8 31. Nd2 Rxa7 32. Rxa7+ Nxa7 33. Nc4 Nb5 34. d4 Nh2+ 35. Kg1
cxd4 36. exd4 d5 37. dxe5 Be7 38. Bh5+ Kg8 39. Kxh2 dxc4 40. bxc4 Rxc4 41. Qe2
f4 42. Ne4 Bf7 43. Kg1 Qxh5 44. e6 Qxe2 45. exf7+ Kxf7 46. Rxe2 Nc3 47. Nxc3
bxc3 48. Bc1 Bd6 49. Rc2 Be5 50. Kf1 Ke6 51. Ke2 Kd5 52. Kd3 Kc5 53. Ba3+ Kb5
54. Re2 Bf6 55. Re6 Rd4+ 56. Kc2 Rd2+ 57. Kb3 Bd4 58. Rd6 Bxf2 59. Kxc3 Re2 60.
Rd5+ Kc6 61. Rf5 Bg3 62. Rf6+ Kb5 63. Rf5+ Kc6 64. Rf6+ Kb5 65. Rf5+ Ka4 66. Bc1
Rxg2 67. Bxf4 {Game drawn by mutual agreement} 1/2-1/2